 Dungeon Crawl Stone Soup version bcrawl-1.13-1-g4ae1fcee6e (webtiles) character file.

Game seed: 12764896202817949916

17 Camlann the Sneak (level 2, -2/23 HPs)
             Began as a Demonspawn Archaeologist on July 29, 2019.
             Killed from afar by a dart slug (5 damage)
             ... with a slug dart
             ... on level 1 of the Dungeon.
             The game lasted 00:00:39 (88 turns).

Camlann the Sneak (Demonspawn Archaeologist)          Turns: 88, Time: 00:00:40

Health: -2/23      AC:  7    Str: 11    XL:     2   Next: 44%
Magic:  2/2        EV: 12    Int: 15    God:
Gold:   0          SH:  0    Dex: 11    Spells: 1/1 levels left

rFire    . . .     SeeInvis .   a - +0 whip
rCold    . . .     Gourm    .   (no shield)
rNeg     . . .     Faith    .   b - +1 robe
rPois    .         Spirit   .   c - +2 hat
rElec    .         Reflect  .   (no cloak)
rCorr    .         Harm     .   (no gloves)
MR       .....                  d - +1 pair of boots
Stlth    ++........             (no amulet)
HPRegen  0.07/turn              (no ring)
MPRegen  0.08/turn              (no ring)

@: no status effects
A: hooves 1
a: no special abilities


You were on level 1 of the Dungeon.
You were not hungry.

You visited 1 branch of the dungeon, and saw 1 of its levels.


Innate Abilities, Weirdness & Mutations

You have large cloven feet.


   Skills:
 + Level 2.5 Fighting
 - Level 0.8 Maces & Flails
 - Level 2.6 Dodging
 - Level 3.0 Stealth


You had one spell level left.
You didn't know any spells.
Your spell library was empty.

Dungeon Overview and Level Annotations

Branches:
Dungeon (1/12)

Altars:

Inventory:

Hand Weapons
 a - a +0 whip (weapon)
Armour
 b - a +1 robe (worn)
 c - a +2 hat (worn)
 d - a +1 pair of boots (worn)
Miscellaneous
 e - a dusty tome
 f - an ancient crate
Comestibles
 g - a ration {!d}

#..}...>...}..#..#
###+#######'###.#
.......s....#
#####......s#
#.#####h# #. #s#
.. #.#
###############.#
#......$6w...%..#
#################


You could see a dart slug.


Message History

The giant cockroach bites you but does no damage.
You closely miss the giant cockroach.
The giant cockroach is lightly wounded.
The giant cockroach closely misses you.
You closely miss the giant cockroach.
The giant cockroach is lightly wounded.
The giant cockroach closely misses you. The giant cockroach misses you.
You hit the giant cockroach.
You kill the giant cockroach!
You have reached level 2!
Your demonic ancestry asserts itself...
Your feet thicken and deform.
The giant cockroach bites you but does no damage.
You hit the giant cockroach.
The giant cockroach is almost dead.
The giant cockroach barely misses you.
You closely miss the giant cockroach.
The giant cockroach is almost dead.
The giant cockroach bites you but does no damage.
You hit the giant cockroach.
You kill the giant cockroach!
You hit the giant cockroach.
The giant cockroach is moderately wounded.
The giant cockroach bites you but does no damage.
You hit the giant cockroach.
The giant cockroach is heavily wounded.
The giant cockroach bites you but does no damage.
You hit the giant cockroach.
You kill the giant cockroach!
The jackal misses you. The jackal barely misses you.
You see here 15 gold pieces.
You hit the jackal.
The jackal is moderately wounded.
The jackal barely misses you. The jackal bites you.
* * * LOW HITPOINT WARNING * * *
You barely miss the jackal.
The jackal is moderately wounded.
The jackal bites you but does no damage.
You hit the jackal.
The jackal is severely wounded.
The jackal barely misses you.
The jackal bites you but does no damage.
You hit the jackal.
You kill the jackal!
You hit the ooze.
The ooze is moderately wounded.
The ooze hits you but does no damage.
You hit the ooze.
The ooze is heavily wounded.
The ooze misses you.
You hit the ooze.
The ooze is severely wounded.
The ooze barely misses you.
You barely miss the ooze.
The ooze is severely wounded.
The ooze hits you but does no damage.
You hit the ooze but do no damage.
The ooze is severely wounded.
The ooze completely misses you.
You hit the ooze.
You kill the ooze!
The dart slug launches a dart at you. The slug dart misses you.
The dart slug barely misses you.
You hit the dart slug.
The dart slug is moderately wounded.
The dart slug launches a dart at you. The slug dart hits you!
You die...

Action                   || total
-------------------------++-------
Melee: Whip              ||    54
  Use: Scroll            ||     1
Armor: Robe              ||    28
Dodge: Dodged            ||    44

Levels and vault maps discovered:
D:1:      dpeg_arrival_caged_fury, layout_basic

Notes
Turn   | Place    | Note
-------+----------+-------------------------------------------
     0 | D:1      | Camlann the Demonspawn Archaeologist began the quest for
                  | the Orb.
     0 | D:1      | Reached XP level 1. HP: 15/15 MP: 1/1
     1 | D:1      | Found a runed door.
    33 | D:1      | HP: 3/15 [ooze (2)]
    50 | D:1      | HP: 2/15 [jackal (2)]
    58 | D:1      | Reached skill level 2 in Fighting
    65 | D:1      | Gained mutation: You have large cloven feet. [demonic
                  | ancestry]
    65 | D:1      | Reached XP level 2. HP: 3/22 MP: 2/2
    77 | D:1      | HP: 2/22 [jackal (2)]
    88 | D:1      | Killed from afar by a dart slug

Vanquished Creatures
  An ooze (D:1)
  A bat (D:1)
  4 giant cockroaches (D:1)
  3 jackals (D:1)
  2 rats (D:1)
11 creatures vanquished.
